 Dungeon Crawl Stone Soup version 0.16-a0-4038-ge07a62f (webtiles) character file.

1187 Ololoev the Cleaver (level 8, -1/62 HPs)
             Began as a Hill Orc Gladiator on Feb 19, 2015.
             Was a Believer of Beogh.
             Slain by an ogre
             ... wielding a +0 giant club
              (20 damage)
             ... on level 6 of the Dungeon.
             The game lasted 00:15:49 (5520 turns).

Ololoev the Cleaver (Hill Orc Gladiator)            Turns: 5520, Time: 00:15:52

Health: -1/62      AC: 16    Str: 20    XL:     8   Next: 43%
Magic:  13/13      EV:  7    Int:  8    God:    Beogh [**....]
Gold:   254        SH:  0    Dex: 11    Spells: 0 memorised, 7 levels left

rFire  . . .     SeeInvis .     a - +0 war axe
rCold  . . .     Clarity  .     A - +0 plate armour
rNeg   . . .     SustAb   .     (no shield)
rPois  +         Gourm    .     c - +0 helmet
rElec  .         Spirit   .     (no cloak)
rCorr  .         Warding  .     k - +0 pair of gloves
rMut   .         Stasis   .     (no boots)
MR     .....                    (no amulet)
Stlth  ..........               f - +1 ring of slaying
                                u - ring of poison resistance

@: not resistant to hostile enchantments, extremely unstealthy
A: no striking features
a: Smiting, Renounce Religion


You were on level 6 of the Dungeon.
You worshipped Beogh.
Beogh was pleased with you.
You were not hungry.

You visited 1 branch of the dungeon, and saw 6 of its levels.

You collected 254 gold pieces.

Notes
Turn   | Place    | Note
--------------------------------------------------------------
     0 | D:1      | Ololoev, the Hill Orc Gladiator, began the quest for the Orb.
     0 | D:1      | Reached XP level 1. HP: 18/18 MP: 1/1
   157 | D:1      | Reached XP level 2. HP: 18/25 MP: 2/2
   335 | D:1      | Reached skill level 5 in Axes
   452 | D:1      | Reached skill level 1 in Armour
   498 | D:1      | Reached XP level 3. HP: 26/30 MP: 3/3
   914 | D:2      | Found a glowing silver altar of Zin.
   915 | D:2      | Found an opulent altar of Gozag.
   960 | D:2      | Found an iron altar of Okawaru.
  1067 | D:2      | Reached XP level 4. HP: 35/37 MP: 4/4
  1368 | D:3      | Reached skill level 6 in Axes
  1370 | D:3      | Reached XP level 5. HP: 31/42 MP: 5/5
  1862 | D:3      | Found a sparkling altar of Nemelex Xobeh.
  1902 | D:3      | Reached skill level 7 in Axes
  2257 | D:3      | Found a sacrificial altar of Ru.
  2434 | D:4      | Found Truyrpha's Antique Armour Shoppe.
  2438 | D:4      | Reached XP level 6. HP: 45/50 MP: 6/6
  2648 | D:4      | Reached skill level 8 in Axes
  2737 | D:4      | Became a worshipper of Beogh the Brigand
  2883 | D:4      | Reached XP level 7. HP: 54/56 MP: 7/7
  2930 | D:4      | Noticed an ogre
  2941 | D:4      | Killed an ogre
  3157 | D:4      | Reached skill level 9 in Axes
  3376 | D:4      | Found a glowing golden altar of the Shining One.
  3499 | D:5      | Entered Level 5 of the Dungeon
  3723 | D:5      | Noticed Chiseanne's ghost (experienced FoGl)
  3800 | D:5      | Noticed Blork the orc
  3804 | D:5      | Killed Blork the orc
  3804 | D:5      | Reached skill level 1 in Evocations
  3881 | D:5      | Acquired Beogh's first power
  3953 | D:5      | Found a basalt altar of Yredelemnul.
  4057 | D:5      | Noticed Menkaure
  4071 | D:5      | Killed Menkaure
  4071 | D:5      | Reached skill level 5 in Armour
  4071 | D:5      | Reached XP level 8. HP: 22/62 MP: 9/11
  5217 | D:5      | Acquired Beogh's second power
  5443 | D:6      | Found a staircase to the Ecumenical Temple.
  5472 | D:6      | Reached skill level 10 in Axes
  5520 | D:6      | Slain by an ogre

Inventory:

Hand weapons
 a - a +0 war axe (weapon)
 J - a +0 battleaxe
Missiles
 d - 4 throwing nets (quivered)
Armour
 c - a +0 helmet (worn)
 k - a +0 pair of gloves (worn)
 A - a +0 plate armour (worn)
Jewellery
 f - a +1 ring of slaying (right hand)
 u - a ring of poison resistance (left hand)
 C - an uncursed ring of flight
Magical devices
 e - a wand of fire (3)
 I - a wand of slowing (6)
Scrolls
 i - 2 scrolls of random uselessness {unknown}
 j - a scroll of teleportation {unknown}
 p - 2 scrolls of noise {unknown}
 s - 3 scrolls of remove curse
 x - 3 scrolls of blinking
 y - 2 scrolls of enchant weapon {unknown}
 z - a scroll of fear {unknown}
 D - a scroll of magic mapping {unknown}
 E - 2 scrolls of recharging
 K - a scroll of enchant armour {unknown}
 L - a scroll of amnesia {unknown}
Potions
 l - 4 potions of haste
 m - 4 potions of brilliance {unknown}
 n - 2 potions of curing {unknown}
 q - 3 potions of restore abilities {unknown}
 v - 2 potions of ambrosia {unknown}
 w - 2 potions of cancellation {unknown}
 B - 2 potions of might {unknown}
 F - a potion of heal wounds {unknown}
 G - a potion of invisibility {unknown}
 H - a potion of lignification {unknown}
Books
 o - a book of the Earth

   Spells                             Type                      Level
   a - Leda's Liquefaction            Hexes/Earth                  4
   b - Bolt of Magma                  Conjuration/Fire/Earth       5
   c - Statue Form                    Transmutation/Earth          6
   d - Iron Shot                      Conjuration/Earth            6
   e - Shatter                        Earth                        9
Comestibles
 b - 2 chunks of flesh
 g - 2 bread rations
 h - 2 fruits
 r - a royal jelly
 t - 2 beef jerkies

Table legend:
 A = Turns spent in this place as a percentage of turns spent in the entire game.
 B = Non-inter-level travel turns spent in this place as a percentage of non-inter-level travel turns spent in the entire game.
 C = Inter-level travel turns spent in this place as a percentage of turns spent in this place.
 D = Turns resting spent in this place as a percentage of non-inter-level travel turns spent in this place.
 E = Turns spent auto-exploring this place as a percentage of non-inter-level travel turns spent in this place.
 F = Non-inter-level travel turns spent in this place divided by the number of levels of this place that you've seen.
                   A       B       C       D       E      F
               +-------+-------+-------+-------+-------+----------------------
         Total | 100.0 | 100.0 |   0.4 |   2.4 |   9.0 | 371.2
       Dungeon | 100.0 | 100.0 |   0.4 |   2.4 |   9.0 | 371.2
               +-------+-------+-------+-------+-------+----------------------


   Skills:
 - Level 2.4 Fighting
 * Level 10.0 Axes
 - Level 2.0 Throwing
 + Level 5.6 Armour
 - Level 2.4 Dodging
 * Level 4.2 Evocations


You had 7 spell levels left.
You didn't know any spells.

Dungeon Overview and Level Annotations

Branches:
Dungeon (6/15)             Temple (0/1) D:6

Altars:
Gozag
Nemelex Xobeh
Okawaru
Ru
Yredelemnul
Zin
The Shining One

Shops:
D:4 [

Annotations:
D:5 Chiseanne's ghost, experienced FoGl


Message History

You hit the orc warrior.
The orc warrior is lightly wounded.
The bat hits you but does no damage.
The orc warrior hits you with a short sword.
You hit the orc warrior.
The orc warrior is lightly wounded.
You closely miss the orc. You hit the orc.
The orc is moderately wounded.
You closely miss the orc warrior.
The orc warrior is lightly wounded.
You hit the orc wizard but do no damage.
You hit the orc warrior but do no damage.
The orc warrior is lightly wounded.
The orc warrior hits you with a short sword.
The orc wizard hits you but does no damage.
You barely miss the orc wizard.
You hit the orc warrior but do no damage.
The orc warrior is lightly wounded.
The orc warrior hits you with a short sword.
The orc wizard barely misses you.
You closely miss the orc wizard. You barely miss the orc warrior.
The orc warrior is lightly wounded.
The orc wizard hits you but does no damage.
The orc warrior completely misses you.
The orc wizard hits you but does no damage.
The ogre shouts!
The orc wizard becomes somewhat translucent.
Evoke which item? (* to show all) (? for menu, Esc to quit)
Zapping:
e - a wand of fire (will waste charges)
Press: ? - help, Shift-Dir - straight line, f - ogre
Aim: an ogre, wielding a giant club The bolt of fire hits the ogre.
The ogre is severely wounded.
Evoking this partially-identified wand wasted a few charges.
Your skill with magical items lets you calculate the power of this device...
This wand has 3 charges left.
The orc warrior hits you with a short sword!
The ogre hits you with a giant club!!
You die...

###### ###.....##
#......... ..# .........
....### ##bo....#
....#....## #oo#
.........# #.##
.........# #o# ........#
#@# # #.#.....####O#
.###.
#####.##.##......##.....
..)....#.##.....#.......
#####..#.##.§§§.......###
#........§..=........
##.##................
#.............<....
##...).............


You could see an orc warrior, an ogre, an orc wizard, an orc and a bat.

Table legend:
 A = Kills in this place as a percentage of kills in entire the game.
 B = Kills by you in this place as a percentage of kills by you in the entire game.
 C = Kills by friends in this place as a percentage of kills by friends in the entire game.
 D = Other kills in this place as a percentage of other kills in the entire game.
 E = Experience gained in this place as a percentage of experience gained in the entire game.
 F = Experience gained in this place divided by the number of levels of this place that you have seen.
                   A       B       C       D       E      F
               +-------+-------+-------+-------+-------+----------------------
         Total | 100.0 | 100.0 |  -nan |  -nan | 100.0 | 282.8
       Dungeon | 100.0 | 100.0 |  -nan |  -nan | 100.0 | 282.8
               +-------+-------+-------+-------+-------+----------------------

Vanquished Creatures
  Menkaure (D:5)
  A sky beast (D:6)
  An ogre (D:4)
  A big kobold (D:5)
  Blork the orc (D:5)
  2 scorpions
  A hound (D:4)
  2 giant frog skeletons (D:5)
  2 iguanas
  9 orc wizards
  2 worker ants (D:5)
  5 adders
  A giant mite (D:1)
  5 worms
  An adder skeleton (D:4)
  3 giant geckos
  2 oozes
  14 orcs
  A ball python (D:2)
  2 bat skeletons (D:4)
  6 giant cockroaches
  7 goblins
  17 hobgoblins
  31 kobolds
  5 quokkas
  12 bats
  2 giant newts
  7 jackals
  A quokka skeleton (D:4)
  12 rats
  A rat zombie (D:5)
158 creatures vanquished.

Vanquished Creatures (others)
  A crimson imp (D:4)
  An adder (D:4)
  A goblin (D:4)
3 creatures vanquished.

Grand Total: 161 creatures vanquished

Action                   |  1- 3 |  4- 6 |  7- 9 || total
-------------------------+-------+-------+-------++-------
Melee: War axe           |    91 |   177 |   217 ||   485
       Hand axe          |       |    19 |    12 ||    31
Invok: Convert to Beogh  |       |     1 |       ||     1
Evoke: Wand              |       |       |    23 ||    23
  Use: Scroll            |       |       |     5 ||     5
       Potion            |       |       |     1 ||     1
 Stab: Paralysed         |       |       |     8 ||     8
  Eat: Chunk             |     1 |     6 |     4 ||    11
       Meat ration       |       |       |     1 ||     1

Vault maps used:
D:1:      tarquinn_simple_flora_water_b, minmay_misc_feat_columns
D:2:      grunt_temple_overflow_gold_and_silver, okawaru_trees_2
D:3:      nicolae_ru_path_of_blood, nemelex_spade_bored_becter
D:4:      first_bread, serial_shops, nicolae_shop_overgrown_old_shop,
          minmay_misc_feat_hallway, nicolae_tso_swordbearing_angel
D:5:      kennysheep_kobold_camp, overflow_temple_1_default, uniq_blork_the_orc,
          uniq_menkaure
D:6:      minmay_temple_entry_purple_smoke
